Map: Prion Terraces

Players

LiquidSnute (Snute) - Winner!

  • Race: Zerg Zerg
  • League: Grandmaster

GunGFuBanDa

  • Race: Protoss Protoss
  • League: Grandmaster

Event: Homestory Cup XII

VOD

Have the link to the VOD?

Description

Time

  • Played on: Dec. 18, 2015, 12:50 p.m.
  • Length: 6:11

All games in this series

Show
View Real Time Build Order
Export as new Build Order

LiquidSnute Zerg - Winner!

Build Orders: Hatch First, Ravager All-In 

Get SALT Encoding   

  12  0:00  Drone  
  13  0:12  Overlord  
  13  0:17  Drone  
  14  0:30  Drone x2  
  14  0:34  Drone  
  17  0:53  Hatchery  
  17  0:55  Drone  
  17  0:58  Drone  
  17  1:02  Extractor  
  17  1:13  Spawning Pool  
  17  1:16  Drone  
  17  1:20  Drone  
  18  1:28  Drone  
  19  1:39  Drone  
  20  1:49  Overlord  
  20  2:01  Zergling x2  
  20  2:06  Metabolic Boost  
  21  2:10  Zergling x2  
  21  2:14  Queen  
  24  2:26  Drone x2  
  26  2:33  Drone x3  
  26  2:36  Queen  
  31  2:49  Roach Warren, Extractor  
  31  2:50  Drone x2  
  31  2:51  Drone  
  32  2:54  Drone  
  33  2:58  Overlord  
  33  3:04  Drone  
  34  3:12  Queen  
  35  3:16  Overlord  
  35  3:34  Roach x4  
  35  3:35  Roach x2  
  47  3:41  Hatchery  
  47  3:45  Drone x2  
  48  3:52  Drone  
  48  3:53  Overlord, Drone x2  
  51  3:57  Overlord  
  51  4:01  Overlord  
  51  4:12  Ravager  
  51  4:13  Ravager x2  
  51  4:14  Drone x3  
  51  4:15  Overlord  
  51  4:16  Ravager  
  58  4:19  Drone  
  58  4:23  Drone x3  
  62  4:31  Drone x3  
  62  4:32  Drone x2  
  62  4:34  Ravager  
  67  4:46  Overlord, Ravager  
  67  4:47  Zergling x2  
  69  4:54  Zergling x2  
  69  4:55  Queen, Zergling x4  
  69  4:57  Zergling x6  
  69  4:59  Extractor  
  76  5:04  Zergling x2  
  76  5:05  Zergling x2  
  78  5:10  Zergling x4  
  79  5:15  Spore Crawler  
  79  5:16  Spore Crawler, Queen  
  79  5:18  Spore Crawler  
  79  5:20  Zergling x4  
  78  5:25  Zergling x2  
  78  5:26  Zergling x2  
  75  5:35  Zergling x4  
  77  5:37  Drone  
  74  5:44  Zergling x2  
  74  5:45  Zergling x2  
  74  5:49  Evolution Chamber, Zergling x2  
  75  5:50  Zergling x8  
Show
View Real Time Build Order
Export as new Build Order

GunGFuBanDa Protoss 

Build Orders:  

Get SALT Encoding   

  12  0:00  Probe (Chrono Boost)  
  13  0:11  Probe (Chrono Boost)  
  14  0:17  Pylon  
  14  0:22  Probe (Chrono Boost)  
  15  0:35  Probe (Chrono Boost)  
  16  0:45  Probe (Chrono Boost)  
  17  0:56  Probe (Chrono Boost)  
  18  1:08  Probe (Chrono Boost), Nexus  
  19  1:23  Probe (Chrono Boost)  
  19  1:24  Gateway  
  20  1:30  Forge  
  20  1:34  Probe (Chrono Boost)  
  21  1:40  Pylon  
  21  1:54  Pylon  
  21  2:05  Probe (Chrono Boost)  
  21  2:07  Assimilator  
  21  2:08  Assimilator  
  22  2:16  Probe (Chrono Boost)  
  22  2:19  Cybernetics Core  
  22  2:20  Pylon  
  22  2:21  Photon Cannon  
  23  2:27  Probe (Chrono Boost)  
  23  2:29  Probe (Chrono Boost)  
  24  2:33  Zealot (Chrono Boost)  
  27  2:38  Probe  
  27  2:39  Probe  
  29  2:49  Probe  
  29  2:50  Probe  
  31  2:57  Pylon  
  31  2:59  Warp Gate  
  31  3:03  Probe (Chrono Boost)  
  31  3:05  Mothership Core (Chrono Boost)  
  34  3:14  Probe (Chrono Boost)  
  34  3:18  Pylon  
  35  3:23  Probe (Chrono Boost)  
  35  3:25  Probe (Chrono Boost)  
  35  3:26  Adept  
  39  3:28  Pylon  
  40  3:34  Probe (Chrono Boost), Gateway  
  40  3:35  Probe (Chrono Boost)  
  40  3:37  Pylon  
  41  3:44  Probe (Chrono Boost)  
  41  3:46  Probe (Chrono Boost), Stargate  
  43  3:53  Pylon  
  43  3:55  Probe (Chrono Boost)  
  44  3:56  Probe (Chrono Boost)  
  44  4:01  Adept  
  47  4:05  Probe (Chrono Boost), Assimilator  
  47  4:07  Probe (Chrono Boost)  
  49  4:16  Probe (Chrono Boost)  
  50  4:18  Probe (Chrono Boost)  
  50  4:24  Gateway  
  51  4:25  Gateway  
  51  4:29  Oracle (Chrono Boost)  
  51  4:31  Probe (Chrono Boost)  
  55  4:42  Mothership Core (Chrono Boost)  
  55  4:43  Probe (Chrono Boost)  
  55  4:44  Photon Cannon  
  55  4:46  Photon Cannon  
  55  4:50  Gateway  
  55  4:51  Pylon  
  53  4:55  Photon Cannon  
  51  5:00  Photon Cannon  
  51  5:08  Pylon  
  51  5:10  Pylon  
  50  5:20  Pylon  
  49  5:24  Stalker x3, Probe  
  49  5:26  Pylon  
  56  5:29  Pylon  
  50  5:47  Adept x3  
  46  5:53  Probe  
Tags
 
Add a new tag
Caveats
  • Supply blocks, unpowered buildings, or Contaminate may cause inaccurate times.
  • Supply counts are checked every 10 seconds.